 Dungeon Crawl Stone Soup version 0.22-a0-824-g1ca9aab89c (console) character file.

18074 Lexodia the Grappler (level 12, -8/201 HPs)
             Began as a Troll Chaos Knight on July 24, 2018.
             Mangled by an anaconda simulacrum (9 damage)
             ... on level 1 of the Lair of Beasts.
             The game lasted 00:27:59 (8322 turns).

Lexodia the Grappler (Troll Chaos Knight)           Turns: 8322, Time: 00:28:03

Health: -8/201     AC: 13    Str: 32    XL:     12   Next: 24%
Magic:  11/11      EV: 17    Int:  6    God:    Xom [*.....]
Gold:   502        SH: 17    Dex: 16    Spells: 11/11 levels left

rFire    + + +     SeeInvis +     - Unarmed
rCold    + + .     Gourm    +   q - +0 large shield {AC+3}
rNeg     + . .     Faith    .   C - +1 robe "Lipler" {rF+ rN+ Int-2 SInv} (curse)
rPois    +         Spirit   .   N - +1 hat
rElec    +         Reflect  .   i - +2 cloak of the Shining Light {rElec rC+}
rCorr    +         Harm     +   (gloves unavailable)
MR       .....     Rnd*Tele +   (boots unavailable)
Stlth    ..........             y - amulet of harm
HPRegen  0.83/turn              E - ring of teleportation (curse)
MPRegen  0.12/turn              o - ring of protection from fire

@: agile, berserking, resistant, very quick
A: large, unfitting armour, claws 3, fangs 1, thin skeletal structure 1, fast
metabolism 3, gourmand, regeneration 1, robust 1, shaggy fur 1, tough skin 2,
MP-powered wands
a: Renounce Religion


You were on level 1 of the Lair of Beasts.
You worshipped Xom.
You were a special plaything of Xom.
You were very full.

You visited 2 branches of the dungeon, and saw 11 of its levels.
You also visited: Sewer.

You collected 708 gold pieces.
You spent 206 gold pieces at shops.

Inventory:

Hand Weapons
 w - a +4 quarterstaff of venom
Missiles
 L - 4 large rocks (quivered)
Armour
 a - a +2 robe
 i - the +2 cloak of the Shining Light (worn) {rElec rC+}
   (Xom gifted it to you on level 2 of the Dungeon)

   It protects you from cold.
   It insulates you from electricity.
 q - a +0 large shield of protection (worn)
 x - a +0 hat
 C - the cursed +1 robe "Lipler" (worn) {rF+ rN+ Int-2 SInv}
   (You found it on level 7 of the Dungeon)

   It affects your intelligence (-2).
   It protects you from fire.
   It protects you from negative energy.
   It lets you see invisible.
   It has a curse placed upon it.
 F - a +0 large shield
 G - a +0 shield
 N - a +1 hat (worn)
 Q - a +1 robe of cold resistance
Jewellery
 c - an uncursed ring of ice
 g - an uncursed ring of flight
 h - a +2 ring of dexterity
 o - a ring of protection from fire (right claw)
 r - an uncursed amulet of guardian spirit
 y - an amulet of harm (around neck)
 E - a cursed ring of teleportation (left claw)
Wands
 k - a wand of paralysis (14)
 t - a wand of digging (17)
 v - a wand of disintegration (7)
 B - a wand of flame (13)
 I - a wand of iceblast (8)
Scrolls
 e - 5 scrolls of teleportation
 n - a scroll of immolation
 A - 3 scrolls of remove curse
 D - a scroll of torment
 M - a scroll of brand weapon
 O - a scroll of noise {unknown}
 P - a scroll of amnesia
 S - a scroll of vulnerability {unknown}
 V - a scroll of identify
Potions
 d - 2 potions of agility
 f - a potion of ambrosia
 j - a potion of curing
 l - 5 potions of brilliance
 m - 2 potions of flight
 p - a potion of lignification
 s - a potion of cancellation
 u - a potion of degeneration
 H - a potion of invisibility
 J - a potion of resistance
 K - 2 potions of magic
 T - a potion of mutation
 U - a potion of might
Comestibles
 b - 21 rations


   Skills:
 + Level 8.6 Fighting
 + Level 8.4 Dodging
 + Level 5.0 Shields
 * Level 13.6 Unarmed Combat


You had 11 spell levels left.
You didn't know any spells.
Your spell library contained the following spells:

 Spells                   Type           Power        Failure   Level  Hunger
 Magic Dart               Conj           #...         99%         1    ##.....
 Fireball                 Conj/Fire      #.........   100%        5    ######.
 Conjure Flame            Conj/Fire      #.......     100%        3    ####...
 Slow                     Hex            #.......     100%        2    ###....
 Throw Flame              Conj/Fire      #.....       100%        2    ###....
 Mephitic Cloud           Conj/Pois/Air  #.......     100%        3    ####...
 Venom Bolt               Conj/Pois      #.........   100%        5    ######.
 Olgreb's Toxic Radiance  Pois           #.......     100%        4    #####..
 Blink                    Tloc           N/A          100%        2    ###....
 Sticky Flame             Conj/Fire      #.......     100%        4    #####..
 Call Imp                 Summ           #.......     100%        2    ###....
 Sting                    Conj/Pois      #...         99%         1    ##.....
 Flame Tongue             Conj/Fire      #....        99%         1    ##.....
 Inner Flame              Hex/Fire       #.......     100%        3    ####...
 Poisonous Vapours        Pois/Air       #.....       100%        2    ###....


Dungeon Overview and Level Annotations

Branches:
Dungeon (10/15)            Temple (0/1) D:5            Lair (1/6) D:10
    Orc: D:9-12

Altars:
Fedhas
Hepliaklqana
Kikubaaqudgha
Wu Jian

Shops:
D:5 (   D:7 ?   D:8 [   D:10 (


Innate Abilities, Weirdness & Mutations

You are too large for most types of armour.
You have claws for hands.
Your metabolism is lightning-fast.
You like to eat raw meat.
Your natural rate of healing is unusually fast.
You are covered in fur. (AC +1)
You have very tough skin. (AC +2)
You have very sharp teeth.
You have a somewhat thin skeletal structure. (Dex +2, Stealth)
You are robust. (+10% HP)
You expend magic power (3 MP) to strengthen your wands.


Message History

The dire elephant simulacrum tramples you!
* * * LOW HITPOINT WARNING * * *
The dire elephant simulacrum freezes you!
You resist.
* * * LOW HITPOINT WARNING * * *
The dire elephant simulacrum closely misses you.
The anaconda simulacrum closely misses you.
You block the anaconda simulacrum's attack.
Huge Dmg: -11%(-22hp) hp: 1%(1hp)
Press: ? - help, v - describe, . - travel
Here: a water moccasin simulacrum (freezing vapour)
An open gate.
Unknown command.
You mangle the dire elephant simulacrum!!
The dire elephant simulacrum vapourises!
The water moccasin simulacrum misses you.
The anaconda simulacrum constricts you but does no damage.
The anaconda simulacrum bites you!
You die...
Xom is highly amused!

#.########.# ###.......# #..#
#.## #..#...(#### #.##### ##..#
#..........# # #.###.###..##
#######....# #
..........########§§§§§#....# #
..........#§§§§§§#.§§§§#.P### #
#####..#..#§§§§§§#§§§§.#.## # #
#...(..#§§#.#.Z§.§)=#..## #
#.....©#§§©..@ZZ§§|©#©..### #
##.##..#§§#.#.Z§§§!%#...#.##
##.#####§§.§§§#.§§§§#......###
#P.# #§§§§§§#§§§§§#>#....<.. #..#
########§§§§§#.##...##P #..#
#########.##P.#### ##.## ###
#.................
###...####.#####.####.#.....#####
.........................#..# #


You could see a water moccasin simulacrum, an anaconda simulacrum, a spiny frog
simulacrum and a wolf spider simulacrum.

Vanquished Creatures
  Gastronok (D:10)
  A stone giant (D:10)
  A yaktaur captain (D:10)
  Fannar (D:10)
  Erica (D:10)
  2 two-headed ogres
  Sonja (D:10)
  The ghost of swarr the Cudgeler, a novice TrWz (D:7)
  A necromancer (D:10)
  Pikel (D:5)
  An elephant (D:10)
  2 spiny frogs (Lair:1)
  Joseph (D:8)
  2 yaktaurs (D:10)
  A komodo dragon (Lair:1)
  A troll (D:10)
  4 hippogriffs
  A dire elephant simulacrum (Lair:1)
  Sigmund (D:5)
  8 yaks
  3 hogs (D:7)
  Grum (D:8)
  A wraith (D:8)
  A human (D:7)
  A basilisk (D:10)
  6 water moccasins
  3 porcupines (Lair:1)
  Purgy (Sewer)
  2 orc warriors (D:10)
  A black bear (D:6)
  A sky beast (D:5)
  3 ice beasts
  A phantom (D:10)
  A necrophage (D:9)
  2 ogres (D:9)
  2 wolves (D:8)
  4 centaurs
  A crocodile (D:10)
  A big kobold (D:9)
  12 bullfrogs
  6 scorpions
  4 crimson imps
  A centaur zombie (D:2)
  5 quasits (D:7)
  3 bullfrog skeletons
  3 orc priests
  3 hounds
  Crazy Yiuf (D:5)
  2 iguanas
  An orc wizard (D:3)
  8 worker ants
  A killer bee zombie (D:6)
  3 gnolls (D:7)
  8 adders
  2 shadow imps
  3 oozes
  3 adder zombies
  5 worms
  A dart slug (D:1)
  5 leopard geckos
  16 orcs
  A ball python (D:3)
  9 giant cockroaches
  5 goblins
  8 hobgoblins
  2 jackals (D:6)
  16 kobolds
  5 quokkas
  14 bats
  6 frilled lizards
  A leopard gecko zombie (D:6)
  7 rats
  A bush (D:1)
  A fungus (D:5)
241 creatures vanquished.

Vanquished Creatures (others)
  A hog (D:7)
  A slave (D:5)
  A worker ant (D:5)
  A plant (Lair:1)
4 creatures vanquished.

Grand Total: 245 creatures vanquished

Notes
Turn   | Place    | Note
-------+----------+-------------------------------------------
     0 | D:1      | Lexodia the Troll Chaos Knight began the quest for the Orb.
     0 | D:1      | Reached XP level 1. HP: 22/22 MP: 0/0
    32 | D:1      | XOM: divination: detect creatures
   141 | D:1      | Reached XP level 2. HP: 29/29 MP: 1/1
   189 | D:1      | XOM: divination: detect creatures
   489 | D:1      | XOM: divination: magic mapping
   491 | D:1      | Reached XP level 3. HP: 30/36 MP: 2/2
   749 | D:1      | XOM is BORED!
   749 | D:1      | XOM: noise
   772 | D:1      | XOM: noise
   973 | D:2      | Reached skill level 4 in Unarmed Combat
   973 | D:2      | Reached XP level 4. HP: 31/44 MP: 3/3
  1405 | D:2      | XOM: god gift: fine cloak {god gift}
  1406 | D:2      | Got a fine cloak {god gift}
  1412 | D:2      | Identified the +2 cloak of the Shining Light {rElec rC+} (Xom gifted it to you on level 2 of the Dungeon)
  1654 | D:3      | Reached XP level 5. HP: 47/53 MP: 4/4
  1918 | D:3      | XOM: mild Pois miscast
  2004 | D:4      | Reached skill level 5 in Unarmed Combat
  2291 | D:4      | Found a hazy altar of Hepliaklqana.
  2293 | D:4      | Found an ornate altar of the Wu Jian Council.
  2300 | D:4      | Found an ancient bone altar of Kikubaaqudgha.
  2383 | D:4      | Reached XP level 6. HP: 61/61 MP: 5/5
  2548 | D:5      | Entered Level 5 of the Dungeon
  2570 | D:5      | Noticed a sky beast
  2583 | D:5      | Killed a sky beast
  2637 | D:5      | Noticed Sigmund
  2647 | D:5      | Killed Sigmund
  2647 | D:5      | Reached skill level 6 in Unarmed Combat
  2647 | D:5      | Reached XP level 7. HP: 61/70 MP: 6/6
  2679 | D:5      | Found Teeq's Antique Weapon Boutique.
  2679 | D:5      | XOM: 1-stop teleportation journey
  2840 | D:5      | Noticed Pikel
  2848 | D:5      | Killed Pikel
  2848 | D:5      | Reached skill level 7 in Unarmed Combat
  2848 | D:5      | Reached XP level 8. HP: 66/79 MP: 5/7
  2950 | D:5      | Found a staircase to the Ecumenical Temple.
  2989 | D:5      | XOM is BORED!
  2989 | D:5      | XOM: give mutations
  2989 | D:5      | Gained mutation: You have a somewhat thin skeletal structure. (Dex +2, Stealth) [Xom's mischief]
  2989 | D:5      | Gained mutation: You are frail. (-10% HP) [Xom's mischief]
  2989 | D:5      | Gained mutation: Your body sometimes deteriorates upon taking damage. [Xom's mischief]
  3000 | D:5      | Found a runed door.
  3004 | D:5      | Noticed Crazy Yiuf
  3008 | D:5      | Huge Dmg: 15 dmg
  3010 | D:5      | Killed Crazy Yiuf
  3072 | D:5      | Huge Dmg: 24 dmg
  3117 | D:5      | XOM: summons 2 hostile demons
  3254 | D:5      | XOM: harmless Conj miscast
  3365 | D:6      | Reached skill level 8 in Unarmed Combat
  3438 | D:6      | Reached skill level 5 in Fighting
  3443 | D:6      | Found a glowing drain.
  3454 | Sewer    | Entered a sewer
  3489 | Sewer    | Noticed Purgy
  3491 | Sewer    | XOM: noise
  3495 | Sewer    | XOM: smoke on damage
  3497 | Sewer    | Killed Purgy
  3549 | D:6      | XOM: silly message
  3560 | D:6      | XOM: mild Air miscast
  3568 | D:6      | XOM: polymorph sky beast -> centaur
  3602 | D:6      | Reached skill level 5 in Dodging
  4191 | D:7      | Found a transporter.
  4198 | D:7      | Found a transporter.
  4202 | D:7      | Noticed swarr's ghost (novice TrWz)
  4220 | D:7      | Reached skill level 9 in Unarmed Combat
  4220 | D:7      | Reached XP level 9. HP: 79/79 MP: 8/8
  4250 | D:7      | XOM: medium Hex miscast
  4262 | D:7      | XOM: noise
  4263 | D:7      | XOM: enchant monster (bad)
  4268 | D:7      | Huge Dmg: 19 dmg
  4271 | D:7      | XOM: summons 2 friendly demons
  4275 | D:7      | Huge Dmg: 17 dmg
  4275 | D:7      | XOM: 3-stop teleportation journey
  4425 | D:7      | Found a blossoming altar of Fedhas.
  4455 | D:7      | XOM: 7-stop teleportation journey
  4506 | D:7      | Got an ominously black robe
  4517 | D:7      | Identified the cursed +1 robe "Lipler" {rF+ rN+ Int-2 SInv} (You found it on level 7 of the Dungeon)
  4555 | D:7      | Found Resya's Magic Scroll Emporium.
  4564 | D:7      | XOM: mild Chrm miscast
  4568 | D:7      | Bought a scroll of torment for 90 gold pieces
  4570 | D:7      | Lost mutation: You are frail. (-10% HP) [potion of mutation]
  4570 | D:7      | Gained mutation: You are partially covered in icy blue scales. (AC +2) [potion of mutation]
  4570 | D:7      | Gained mutation: You are clumsy. (Dex -2) [potion of mutation]
  4570 | D:7      | Gained mutation: You are very clumsy. (Dex -4) [potion of mutation]
  4570 | D:7      | Gained mutation: You are robust. (+10% HP) [potion of mutation]
  4910 | D:7      | Reached skill level 10 in Unarmed Combat
  4912 | D:7      | XOM: divination: detect creatures
  4922 | D:7      | XOM: enchant monster (good)
  5018 | D:8      | Noticed Grum
  5024 | D:8      | XOM: smoke on damage
  5026 | D:8      | XOM: blink monster(s)
  5041 | D:8      | Killed Grum
  5138 | D:7      | XOM: give mutations
  5138 | D:7      | Gained mutation: You are dopey. (Int -2) [Xom's mischief]
  5138 | D:7      | Lost mutation: You are very clumsy. (Dex -4) [Xom's mischief]
  5138 | D:7      | Gained mutation: You expend magic power (3 MP) to strengthen your wands. [Xom's mischief]
  5138 | D:7      | Lost mutation: You are partially covered in icy blue scales. (AC +2) [Xom's mischief]
  5139 | D:7      | Lost mutation: You expend magic power (3 MP) to strengthen your wands. [potion of mutation]
  5139 | D:7      | Lost mutation: Your body sometimes deteriorates upon taking damage. [potion of mutation]
  5139 | D:7      | Lost mutation: You are dopey. (Int -2) [potion of mutation]
  5139 | D:7      | Lost mutation: You are clumsy. (Dex -2) [potion of mutation]
  5139 | D:7      | Gained mutation: You expend magic power (3 MP) to strengthen your wands. [potion of mutation]
  5139 | D:7      | Gained mutation: You have very sharp teeth. [potion of mutation]
  5174 | D:7      | Killed swarr's ghost
  5174 | D:7      | Reached XP level 10. HP: 100/110 MP: 7/9
  5186 | D:7      | XOM: summons 3 hostile shadow creatures
  5251 | D:8      | XOM: 2-stop teleportation journey
  5252 | D:8      | Noticed Joseph
  5262 | D:8      | Killed Joseph
  5291 | D:8      | Reached skill level 11 in Unarmed Combat
  5395 | D:8      | Found Xato Leka's Armour Boutique.
  5398 | D:8      | Bought a +0 large shield for 58 gold pieces
  5398 | D:8      | Bought a +0 shield for 58 gold pieces
  5417 | D:8      | XOM: god gift: shiny large shield {god gift}
  6119 | D:9      | XOM: enchant monster (good)
  6258 | D:9      | XOM: blink monster(s)
  6294 | D:9      | Noticed a two-headed ogre
  6298 | D:9      | Huge Dmg: 31 dmg
  6300 | D:9      | Huge Dmg: 20 dmg
  6303 | D:9      | Huge Dmg: 17 dmg
  6304 | D:9      | Huge Dmg: 25 dmg
  6309 | D:9      | Killed a two-headed ogre
  6309 | D:9      | Reached skill level 1 in Shields
  6503 | D:9      | XOM: cast spell 'Statue Form'
  6540 | D:9      | Huge Dmg: 33 dmg
  6613 | D:10     | Entered Level 10 of the Dungeon
  6675 | D:10     | Found a staircase to the Lair.
  6676 | D:10     | Noticed an elephant
  6677 | D:10     | Noticed Gastronok
  6682 | D:10     | Noticed a two-headed ogre
  6750 | D:10     | XOM: scenery: 1 doors close
  6784 | D:10     | XOM: polymorph worker ant -> bullfrog
  6789 | D:10     | XOM: 1-stop teleportation journey
  6804 | D:10     | Killed Gastronok
  6804 | D:10     | Reached skill level 12 in Unarmed Combat
  6804 | D:10     | Reached XP level 11. HP: 117/117 MP: 10/10
  6860 | D:10     | Noticed Erica
  6869 | D:10     | XOM: enchant monster (good)
  6878 | D:10     | Killed Erica
  6894 | D:10     | XOM: confuse monster(s)
  6895 | D:10     | XOM: swap monsters
  6935 | D:10     | Killed a two-headed ogre
  7017 | D:10     | XOM: polymorph centaur -> ooze
  7106 | D:10     | Noticed Sonja
  7109 | D:10     | XOM: summons 8 friendly demons
  7133 | D:10     | Noticed a stone giant
  7133 | D:10     | Noticed a yaktaur captain
  7134 | D:10     | Huge Dmg: 31 dmg
  7137 | D:10     | XOM: confusion
  7138 | D:10     | Huge Dmg: 16 dmg
  7140 | D:10     | XOM: mild Conj miscast
  7141 | D:10     | Huge Dmg: 10 dmg
  7144 | D:10     | Killed a yaktaur captain
  7148 | D:10     | Huge Dmg: 26 dmg
  7149 | D:10     | Killed a stone giant
  7176 | D:10     | Found a runed door.
  7176 | D:10     | Noticed a necromancer
  7179 | D:10     | Killed a necromancer
  7179 | D:10     | Reached skill level 13 in Unarmed Combat
  7185 | D:10     | XOM: 2-stop teleportation journey
  7331 | D:10     | XOM: polymorph troll -> yaktaur
  7334 | D:10     | XOM: enchant monster (good)
  7413 | D:10     | Found Lunufedd's Weapon Shop.
  7429 | D:10     | Noticed Fannar
  7446 | D:10     | Killed Fannar
  7562 | D:10     | Killed Sonja
  7589 | D:10     | Reached XP level 12. HP: 134/134 MP: 11/11
  7634 | Lair:1   | XOM: stealth player
  7634 | Lair:1   | Entered Level 1 of the Lair of Beasts
  7820 | Lair:1   | Huge Dmg: 32 dmg
  7840 | Lair:1   | XOM: polymorph black mamba -> hippogriff
  7978 | Lair:1   | Found a transporter.
  7997 | Lair:1   | XOM: enchant monster (bad)
  8008 | Lair:1   | Reached skill level 5 in Shields
  8034 | Lair:1   | Found a transporter.
  8317 | Lair:1   | Huge Dmg: 52 dmg
  8318 | Lair:1   | Huge Dmg: 19 dmg
  8320 | Lair:1   | Huge Dmg: 12 dmg
  8321 | Lair:1   | HP: 1/201 [dire elephant simulacrum (16)]
  8322 | Lair:1   | Huge Dmg: 22 dmg
  8322 | Lair:1   | Mangled by an anaconda simulacrum

Vault maps used:
D:1:      onia_arrival_mini_maze, glass_columns_a, lexackson_kobold_supper
D:2:      first_ration, hangedman_decor_points
D:4:      minitemple
D:5:      minmay_temple_entry_fiery, serial_shops, shop,
          uniq_crazy_yiuf_cottage, uniq_sigmund, uniq_pikel
D:6:      gup_sewer_entry_pipe
D:7:      lemuel_crystal_altar, serial_shops, shop, gammafunk_ghost_stat_death,
          grunt_livestock
D:8:      serial_shops, kennysheep_mini_moat, uniq_joseph, uniq_grum
D:9:      grunt_decor_fettered, nicolae_straight_to_the_point
D:10:     david_lair_generic, serial_shops, shop, minmay_tree_intersection,
          minivault_13, uniq_sonja, uniq_gastronok, uniq_fannar, uniq_erica
Lair:1:   gammafunk_cloud_chamber, beast_lair_carwin_3
Sewer:    sewer_big_baddie

Skill      XL: |  1  2  3  4  5  6  7  8  9 10 11 12 |
---------------+-------------------------------------+-----
Dodging        | 2 3 4 5 6 7 8 |  8.4
Unarmed Combat | 4 5 6 7 9 10 12 13 | 13.6
Fighting       | 3 4 5 6 7 8 |  8.6
Shields        | 2 4 5 |  5.0

Action                   |  1- 3 |  4- 6 |  7- 9 | 10-12 || total
-------------------------+-------+-------+-------+-------++-------
Melee: Unarmed           |    97 |   155 |   242 |   290 ||   784
       Punch             |       |     2 |     6 |     4 ||    12
       Quarterstaff      |       |       |    22 |       ||    22
       Bite              |       |       |     1 |    33 ||    34
Evoke: Wand              |       |       |       |     2 ||     2
  Use: Scroll            |     4 |       |     5 |    13 ||    22
       Potion            |     2 |       |     2 |     7 ||    11
 Stab: Sleeping          |       |     1 |     3 |     4 ||     8
       Paralysed         |       |       |       |     3 ||     3
       Confused          |       |       |       |     1 ||     1
  Eat: Chunk             |    14 |    15 |    24 |    29 ||    82
Armor: Robe              |    41 |    70 |   205 |    83 ||   399
Dodge: Dodged            |    62 |    52 |   233 |    84 ||   431
Block: Large shield      |       |       |       |   150 ||   150

Table legend:
 A = Spawn XP
 B = Non-spawn XP
 C = Spawn XP percentage of total XP
 D = Spawn monster count
 E = Non-spawn monster count
 F = Spawn count percentage of total count
 G = Total turns spent on level
                    A         B        C        D         E        F      G
               +---------+---------+-------+---------+---------+-------+---------
         Total |       0 |   25820 |   0.0 |       0 |     240 |   0.0 |  8322
               +---------+---------+-------+---------+---------+-------+---------
           D:1 |       0 |      57 |   0.0 |       0 |      32 |   0.0 |   800
           D:2 |       0 |      82 |   0.0 |       0 |      19 |   0.0 |   749
           D:3 |       0 |     153 |   0.0 |       0 |      20 |   0.0 |   378
           D:4 |       0 |     121 |   0.0 |       0 |       7 |   0.0 |   621
           D:5 |       0 |    1349 |   0.0 |       0 |      14 |   0.0 |   764
           D:6 |       0 |     774 |   0.0 |       0 |      29 |   0.0 |   771
           D:7 |       0 |    2869 |   0.0 |       0 |      24 |   0.0 |  1036
           D:8 |       0 |    1084 |   0.0 |       0 |       6 |   0.0 |   716
           D:9 |       0 |    2093 |   0.0 |       0 |      19 |   0.0 |   744
          D:10 |       0 |   13136 |   0.0 |       0 |      43 |   0.0 |   968
        Lair:1 |       0 |    3959 |   0.0 |       0 |      21 |   0.0 |   688
         Sewer |       0 |     143 |   0.0 |       0 |       6 |   0.0 |    87
               +---------+---------+-------+---------+---------+-------+---------
